 Dungeon Crawl Stone Soup version 0.30-a0-949-g53dc5368d7 (webtiles) character file.

Game seed: 6430104275972136015

115 Iniera the Conjurer (level 5, -1/31 HPs)
             Began as an Octopode Conjurer on Mar 27, 2023.
             Slain by Edmund
             ... wielding a +1 dire flail of pain
              (14 damage)
             ... on level 4 of the Dungeon.
             The game lasted 00:03:35 (3079 turns).

Iniera the Conjurer (Octopode Conjurer)             Turns: 3079, Time: 00:03:36

Health: -1/31      AC:  1    Str:  6    XL:     5   Next: 0%
Magic:  0/8        EV: 13    Int: 22    God:
Gold:   181        SH:  0    Dex: 11    Spells: 2/9 levels left

rFire   . . .      SeeInvis .    r - +0 whip (flame)
rCold   + . .      Faith    .    (no shield)
rNeg    . . .      Spirit   .    (helmet restricted)
rPois   .          Reflect  .    (no amulet)
rElec   .          Rampage  .    f - ring of protection from cold
rCorr   .                        (no ring)
Will    .....                    (no ring)
Stlth   +++                      (no ring)
HPRegen 0.25/turn                (no ring)
MPRegen 0.11/turn                (no ring)
                                 (no ring)
                                 (no ring)

@: no status effects
A: almost no armour, amphibious, 8 rings, camouflage 1, gelatinous body 1,
(nimble swimmer 1), tentacles
a: no special abilities


You were on level 4 of the Dungeon.
You visited 1 branch of the dungeon, and saw 4 of its levels.

You collected 181 gold pieces.

Inventory:

Hand Weapons
 r - a +0 whip of flaming (weapon)
Jewellery
 f - a ring of protection from cold (left tentacle)
Wands
 j - a wand of digging (5)
Scrolls
 b - 2 scrolls of butterflies {unknown}
 c - a scroll of torment {unknown}
 d - a scroll of teleportation {unknown}
 e - 4 scrolls of identify {unknown}
 k - 4 scrolls of magic mapping {unknown}
 o - a scroll of amnesia {unknown}
 q - a scroll of immolation {unknown}
 s - a scroll of fog {unknown}
Potions
 a - 2 potions of magic
 g - 2 potions of haste {unknown}
 h - a potion of curing {unknown}
 i - 3 potions of heal wounds {unknown}
 l - a potion of cancellation {unknown}
 m - a potion of brilliance {unknown}
 n - a potion of attraction {unknown}
 p - a potion of might {unknown}


   Skills:
 - Level 2.0 Dodging
 - Level 2.6 Stealth
 + Level 2.5 Spellcasting
 * Level 5.5 Conjurations
 + Level 0.9 Hexes
 + Level 0.9 Translocations


You had 2 spell levels left.
You knew the following spells:

 Your Spells              Type           Power      Damage    Failure   Level
a - Magic Dart            Conj           100%       1d8       1%          1
b - Searing Ray           Conj           54%        2d6       1%          2
c - Fulminant Prism       Conj/Hex       8%         3d7       34%         4

Your spell library contained the following spells:

 Spells                   Type           Power      Damage    Failure   Level
 Dazzling Flash           Conj/Hex       34%        N/A       11%         3
 Iskenderun's Mystic Bla  Conj/Tloc      17%        2d5       34%         4
 Ignite Poison            Fire/Tmut/Pois 2%         N/A       36%         3
 Sticky Flame             Conj/Fire      15%        2d4       38%         4
 Ignition                 Fire           1%         3d3       100%        8


Dungeon Overview and Level Annotations

Branches:
Dungeon (4/15)
 Temple: D:4-7

Altars:
Fedhas

Annotations:
D:4 Edmund


Innate Abilities, Weirdness & Mutations

You cannot wear most types of armour.
You are amphibious.
You can wear up to eight rings at the same time.
Your skin changes colour to match your surroundings (Stealth+).
Your rubbery body absorbs attacks. (AC +1, EV +1)
((You are camouflaged when in or above water. (Stealth+)))
You have tentacles for arms and can constrict up to eight enemies at once.


Message History

Press: ? - help, Shift-Dir - straight line, f/p - Edmund
Aim: Edmund, wielding a +1 dire flail of pain and wearing a +0 scale mail (lightly wounded, 82% to hit)
The searing ray hits Edmund.
Edmund is lightly wounded. (Press . to maintain the ray.)
The searing ray hits Edmund.
Edmund is moderately wounded.
You open the door. Edmund attacks as you move away!
Edmund hits you with a +1 dire flail of pain.
There is an open door here.
You closely miss Edmund. You grab Edmund.
Edmund is moderately wounded.
You constrict Edmund. Edmund misses you.
Casting: Searing Ray (safe; 1% risk of failure)
Confirm with . or Enter, or press ? or * to list all spells.
Aiming: Searing Ray (safe; 1% risk of failure)
Press: ? - help, Shift-Dir - straight line, f/p - Edmund
Aim: Edmund, wielding a +1 dire flail of pain and wearing a +0 scale mail (moderately wounded, constricted by you, 100% to hit)
The searing ray hits Edmund.
Edmund is moderately wounded. (Press . to maintain the ray.)
You constrict Edmund, but do no damage.
Edmund hits you with a +1 dire flail of pain!
The searing ray hits Edmund but does no damage.
Edmund is moderately wounded.
You constrict Edmund.
Edmund hits you with a +1 dire flail of pain.
You writhe in agony.
The searing ray hits Edmund.
Edmund is heavily wounded.
You constrict Edmund, but do no damage. Edmund closely misses you.
Unknown command.
Okay, then.
The searing ray hits Edmund.
Edmund is heavily wounded.
You finish channelling your searing ray.
You constrict Edmund, but do no damage.
Edmund hits you with a +1 dire flail of pain!
You die...

#........#.#.#........$#
#.#....#.#.#.#.........#
#.####.#.#.#.#.........#
#. #...#.#.#.........#
#. ##....#.#.........#
#. ##...#...........# #+
###.............#
#####....[....#
##@#.###### #@#@##
#.#..# #....# ####..#
..# ...# .#..# ..#..#


You could see Edmund.

Vanquished Creatures
  3 gnolls (D:4)
  4 adders
  3 orcs
  3 endoplasms
  3 giant cockroaches
  2 goblins
  3 hobgoblins
  4 jackals (D:3)
  6 quokkas
  2 ball pythons
  4 bats
  2 frilled lizards (D:1)
  3 kobolds
  5 rats
47 creatures vanquished.

Notes
Turn   | Place    | Note
-------+----------+-------------------------------------------
     0 | D:1      | Iniera the Octopode Conjurer began the quest for the Orb.
     0 | D:1      | Reached XP level 1. HP: 11/11 MP: 3/3
   291 | D:1      | Reached XP level 2. HP: 17/17 MP: 1/5
   294 | D:1      | Learned a level 2 spell: Searing Ray
  1126 | D:2      | Reached XP level 3. HP: 21/21 MP: 2/6
  1274 | D:2      | You fall into a shaft and drop 1 floor!
  1288 | D:3      | Reached skill level 5 in Conjurations
  1811 | D:2      | Found a blossoming altar of Fedhas.
  2115 | D:3      | Reached XP level 4. HP: 13/27 MP: 3/7
  2712 | D:3      | Found a faded altar of an unknown god.
  2953 | D:4      | Reached XP level 5. HP: 30/31 MP: 2/8
  3051 | D:4      | Noticed Edmund
  3059 | D:4      | Learned a level 4 spell: Fulminant Prism
  3079 | D:4      | Slain by Edmund

Illustrated notes

Levels and vault maps discovered:
D:1:      minmay_arrival_radiant_lines, layout_loops_corners
D:2:      layout_loops_ring, basic_altar, nicolae_elevator_lobby_asterisk
D:3:      layout_loops_cross, chequers_ecumenical_altar_grove
D:4:      layout_basic, nicolae_specific_store, uniq_edmund

Skill      XL: |  1  2  3 |
---------------+----------+-----
Conjurations   | 5 |  5.5
Dodging        | |  2.0
Stealth        | |  2.6
Spellcasting   | |  2.5
Hexes          | |  0.9
Translocations | |  0.9

Action                     |  1- 3 |  4- 6 || total
---------------------------+-------+-------++-------
  Melee: Unarmed           |    15 |    11 ||    26
         Tentacles         |     3 |     1 ||     4
         Constrict         |     4 |     3 ||     7
         Whip              |       |     1 ||     1
   Cast: Magic Dart        |    68 |    21 ||    89
         Searing Ray       |       |     6 ||     6
 Armour: Skin              |     2 |       ||     2
  Dodge: Dodged            |    11 |    13 ||    24

Table legend: (Time is in decaauts)
 A = Elapsed time spent in this place.
 B = Non-inter-level travel time spent in this place.
 C = Inter-level travel time spent in this place.
 D = Time resting spent in this place.
 E = Time spent auto-exploring this place.
 F = Levels seen in this place.
 G = Mean time per level.
                   A        B        C        D        E       F      G
               +--------+--------+--------+--------+--------+-----+--------+
         Total |   3077 |   3039 |     38 |     50 |   2689 |   4 |  769.2 |
       Dungeon |   3077 |   3039 |     38 |     50 |   2689 |   4 |  769.2 |
               +--------+--------+--------+--------+--------+-----+--------+

Top non-repeatable levels by time:
     D:1: 1093 daAuts
     D:3: 1073 daAuts
     D:2: 754 daAuts
     D:4: 155 daAuts
